Map: Ascension to Aiur LE

Players

Salvite

  • Race: Protoss Protoss
  • League: Silver
  • Spawn Location: 5:00

Jadch - Winner!

  • Race: Terran Terran
  • League: Gold
  • Spawn Location: 11:00

VOD

Have the link to the VOD?

Description

Time

  • Played on: June 2, 2017, 2:37 a.m.
  • Length: 11:20
Show
View Real Time Build Order
Export as new Build Order

Salvite Protoss 

Build Orders:  

Get SALT Encoding   

  12  0:01  Probe (Chrono Boost)  
  13  0:12  Probe (Chrono Boost)  
  14  0:18  Pylon  
  14  0:23  Probe (Chrono Boost)  
  15  0:39  Probe (Chrono Boost), Gateway  
  16  0:52  Pylon  
  16  1:02  Assimilator  
  16  1:06  Probe (Chrono Boost)  
  17  1:27  Cybernetics Core  
  17  1:31  Probe (Chrono Boost)  
  18  1:41  Probe (Chrono Boost)  
  19  1:49  Pylon  
  19  1:52  Probe (Chrono Boost)  
  20  2:03  Warp Gate  
  20  2:07  Probe (Chrono Boost)  
  21  2:11  Adept  
  23  2:17  Probe (Chrono Boost)  
  23  2:18  Assimilator  
  24  2:28  Probe (Chrono Boost)  
  24  2:42  Mothership Core (Chrono Boost)  
  24  2:43  Nexus  
  26  2:57  Adept  
  28  3:24  Probe (Chrono Boost), Stalker  
  31  3:34  Probe (Chrono Boost)  
  32  3:43  Robotics Facility  
  32  3:45  Probe (Chrono Boost)  
  33  3:54  Twilight Council  
  33  4:02  Adept  
  35  4:07  Probe x2 (Chrono Boost)  
  37  4:12  Pylon  
  37  4:14  Pylon  
  37  4:19  Pylon  
  37  4:25  Gateway  
  38  4:31  Probe x2 (Chrono Boost)  
  38  4:34  Gateway  
  39  4:39  Gateway  
  39  4:40  Gateway  
  39  4:51  Probe (Chrono Boost)  
  39  4:52  Probe (Chrono Boost)  
  41  4:58  Adept  
  43  5:11  Robotics Bay  
  43  5:16  Blink  
  41  5:26  Adept  
  37  5:44  Robotics Bay  
  37  5:52  Probe x2 (Chrono Boost)  
  39  6:21  Colossus  
  45  6:36  Assimilator  
  45  6:40  Assimilator  
  45  6:45  Probe (Chrono Boost)  
  45  6:46  Probe (Chrono Boost)  
  47  6:56  Probe x2 (Chrono Boost)  
  47  6:58  Adept x3  
  47  6:59  Adept  
  57  7:22  Probe x2 (Chrono Boost)  
  59  7:25  Extended Thermal Lance  
  59  7:30  Stalker  
  59  7:31  Stalker x3  
  59  7:35  Stalker  
  69  7:50  Colossus  
  75  8:01  Sentry  
  77  8:15  Nexus  
  77  8:17  Pylon  
  77  8:19  Pylon  
  77  8:23  Pylon  
  77  8:25  Assimilator  
  77  8:29  Assimilator  
  77  9:08  Pylon  
  77  9:10  Pylon  
  77  9:13  Pylon  
  77  9:16  Pylon  
  49  9:37  Stalker  
  49  9:38  Stalker x4  
  57  9:50  Colossus  
  43  10:01  Adept x3  
  43  10:02  Adept x2  
  49  10:28  Stalker x4  
  45  10:29  Stalker  
  43  10:57  Stalker x3  
  43  10:58  Stalker  
Show
View Real Time Build Order
Export as new Build Order

Jadch Terran - Winner!

Build Orders:  

Get SALT Encoding   

  12  0:16  SCV  
  13  0:23  Supply Depot  
  13  0:28  SCV  
  14  0:30  Refinery  
  14  0:40  SCV  
  14  0:41  Refinery  
  15  0:52  SCV  
  15  0:57  Barracks  
  16  1:05  SCV  
  17  1:17  SCV  
  18  1:24  Barracks  
  18  1:29  SCV  
  19  1:48  Marine  
  19  1:49  Factory, SCV  
  21  2:01  SCV  
  22  2:07  Marine  
  23  2:35  Factory Reactor  
  23  2:36  Barracks Tech Lab  
  23  2:38  Supply Depot  
  23  2:43  Barracks Reactor  
  23  2:52  Command Center  
  23  2:54  Supply Depot  
  23  3:03  SCV  
  24  3:14  Starport, Widow Mine  
  24  3:15  Widow Mine  
  28  3:23  SCV  
  29  3:31  Supply Depot  
  29  3:38  SCV  
  30  3:52  Barracks Tech Lab  
  30  4:18  Viking  
  30  4:19  Medivac  
  34  4:24  Orbital Command  
  34  4:26  Marine x2  
  34  4:31  Liberator  
  36  4:39  Orbital Command  
  36  4:45  Marine x2  
  38  4:48  Siege Tank  
  44  5:10  Engineering Bay  
  44  5:37  Siege Tank  
  47  5:46  Factory  
  47  5:48  SCV  
  48  5:57  Refinery  
  48  5:58  Refinery  
  48  6:01  SCV  
  49  6:09  Cyclone, Sensor Tower  
  52  6:13  SCV  
  53  6:21  Barracks  
  53  6:23  Liberator, Barracks  
  53  6:25  SCV  
  54  6:31  SCV  
  55  6:37  SCV  
  56  6:43  SCV  
  60  6:48  Stimpack  
  60  6:49  SCV  
  61  6:55  SCV  
  62  7:01  SCV  
  63  7:13  Factory Tech Lab  
  63  7:17  Barracks Tech Lab  
  63  7:22  Marauder  
  65  7:23  Barracks Tech Lab  
  65  7:39  SCV x2  
  67  7:45  Supply Depot  
  67  7:46  Supply Depot  
  67  7:47  Supply Depot  
  67  7:51  Marauder, SCV  
  70  7:56  Terran Infantry Weapons Level 1  
  70  8:07  Marauder x2, SCV x2  
  70  8:10  Supply Depot x3  
  78  8:13  Marauder  
  78  8:17  Medivac x2  
  78  8:19  SCV x2  
  84  8:26  Marine x2  
  86  8:29  Marauder x2  
  86  8:31  SCV  
  86  8:33  Marine  
  92  8:41  Siege Tank  
  92  8:44  Siege Tank  
  92  8:46  Marine x2  
  100  8:49  Liberator, Marine x2, Concussive Shells  
  102  9:09  SCV x2  
  107  9:13  Siege Tank  
  107  9:17  Siege Tank  
  104  9:21  SCV x2  
  94  9:34  Marine x4  
  98  9:45  Siege Tank  
  98  9:49  Siege Tank  
  99  10:04  Viking x2  
  105  10:07  Marauder x3, Marine x2  
  108  10:25  Marine  
  109  10:34  Viking x2  
Tags
 
Add a new tag
Caveats
  • Supply blocks, unpowered buildings, or Contaminate may cause inaccurate times.
  • Supply counts are checked every 10 seconds.